 Dungeon Crawl Stone Soup version 0.30-a0-1104-g706747fef1 (webtiles) character file.

Game seed: 13104609067739087374

819 Ijustatesigmund the Magician (level 7, -10/37 HPs)
             Began as a Deep Elf Conjurer on Apr 19, 2023.
             Mangled by Pikel
             ... wielding a +1 whip of electrocution
              (16 damage)
             ... on level 6 of the Dungeon.
             The game lasted 00:12:14 (5235 turns).

Ijustatesigmund the Magician (Deep Elf Conjurer)    Turns: 5235, Time: 00:12:14

Health: -10/37     AC:  9    Str: 10    XL:     7   Next: 63%
Magic:  0/20       EV: 12    Int: 25    God:
Gold:   178        SH:  0    Dex: 13    Spells: 14/21 levels left

rFire   . . .      SeeInvis .    b - +1 longbow (flame)
rCold   . . .      Faith    .    (shield currently unavailable)
rNeg    . . .      Spirit   .    a - +0 robe
rPois   .          Reflect  .    (no helmet)
rElec   .          Rampage  .    (no cloak)
rCorr   .                        f - +1 pair of gloves
Will    .....                    s - +0 pair of boots
Stlth   ++                       (no amulet)
HPRegen 0.26/turn                j - +4 ring of protection
MPRegen 0.17/turn                m - +6 ring of strength

@: no status effects
A: no striking features
a: no special abilities


You were on level 6 of the Dungeon.
You visited 1 branch of the dungeon, and saw 6 of its levels.

You collected 178 gold pieces.

Inventory:

Hand Weapons
 b - a +1 longbow of flaming (weapon)
Missiles
 c - 3 throwing nets
Armour
 a - a +0 robe (worn)
 f - a +1 pair of gloves (worn)
 s - a +0 pair of boots (worn)
Jewellery
 g - a ring of flight
 j - a +4 ring of protection (left hand)
 m - a +6 ring of strength (right hand)
 n - a ring of positive energy
 p - a +6 ring of strength
 u - a ring of poison resistance
Wands
 d - a wand of flame (14)
Scrolls
 h - 2 scrolls of immolation
 x - 2 scrolls of magic mapping
Potions
 e - a potion of lignification
 i - a potion of heal wounds
 k - a potion of invisibility {unknown}
 l - 2 potions of curing {unknown}
 o - 2 potions of flight {unknown}
 q - a potion of mutation {unknown}
 t - 2 potions of cancellation {unknown}
 w - a potion of brilliance {unknown}


   Skills:
 + Level 0.5 Fighting
 + Level 3.0 Ranged Weapons
 - Level 2.4 Dodging
 - Level 2.4 Stealth
 + Level 7.9 Spellcasting
 + Level 5.2 Conjurations
 + Level 5.3 Translocations
 + Level 0.9 Evocations


You had 14 spell levels left.
You knew the following spells:

 Your Spells              Type           Power      Damage    Failure   Level
a - Magic Dart            Conj           100%       1d8       1%          1
b - Searing Ray           Conj           72%        2d7       1%          2
c - Iskenderun's Mystic   Conj/Tloc      36%        2d9       7%          4

Your spell library contained the following spells:

 Spells                   Type           Power      Damage    Failure   Level
 Slow                     Hex            36%        N/A       6%          1
 Dazzling Flash           Conj/Hex       46%        N/A       6%          3
 Confusing Touch          Hex            9%         N/A       19%         3
 Vampiric Draining        Necr           9%         2d6       19%         3
 Fulminant Prism          Conj/Hex       11%        3d9       21%         4


Dungeon Overview and Level Annotations

Branches:
Dungeon (7/15)
 Temple: D:4-7

Altars:

Shops:
D:4 *

Annotations:
D:6 Pikel


Message History

The searing ray misses the lemure.
The searing ray hits Pikel!
Pikel is severely wounded.
The searing ray hits the lemure!
The lemure is moderately wounded.
Pikel hits you but does no damage.
The searing ray hits Pikel.
Pikel is almost dead.
The searing ray hits the lemure.
The lemure is heavily wounded.
You finish channelling your searing ray.
Pikel misses you.
You shoot an arrow. The arrow closely misses Pikel.
The arrow closely misses the lemure.
Pikel misses you.
Pikel hits you with a +1 whip of electrocution.
You are electrocuted!!
Ouch! That really hurt!
You are too injured to fight recklessly!
Unknown command.
You feel much better. Pikel completely misses you.
Casting: Searing Ray (safe; 1% risk of failure)
Confirm with . or Enter, or press ? or * to list all spells.
Aiming: Searing Ray (safe; 1% risk of failure)
Press: ? - help, Shift-Dir - straight line, f/p - Pikel
Aim: Pikel, wielding a +1 whip of electrocution and wearing a +0 robe (almost dead, 76% to hit)
The searing ray hits Pikel.
Pikel is almost dead. (Press . to maintain the ray.) Pikel hits you with a +1 whip of electrocution.
You are electrocuted!!
Ouch! That really hurt!
The searing ray hits Pikel.
Pikel is almost dead.
The searing ray hits the lemure.
The lemure is severely wounded.
Pikel hits you with a +1 whip of electrocution!
* * * LOW HITPOINT WARNING * * *
Without enough magic to sustain it, your searing ray dissipates.
Pikel hits you but does no damage.
You are electrocuted!
You die...

#.#####....###
#.#####.......
#.#.....).....
#.#....#......
#####.#....#......
#.....#....#......
#.#####....#......
#.#,,.............
#@#,###....##.....
#K#,,,.....##.....
#5###......#######
#.[......,** #
#####....,* *****#
*,,..** *,,...
*,,,,* *,....
*,,,,* *,....
***,,,,* *,....


You could see Pikel and a lemure.

Vanquished Creatures
  A steam dragon (D:6)
  A black bear (D:3)
  An ogre (D:7)
  A centaur (D:6)
  2 gnoll boudas
  An iguana (D:6)
  An orc priest (D:6)
  An orc wizard (D:7)
  12 gnolls
  8 adders
  A shadow imp (D:7)
  2 worms (D:2)
  3 dart slugs
  9 orcs
  5 ball pythons
  4 bats
  3 endoplasms
  A giant cockroach (D:2)
  3 goblins
  5 hobgoblins
  9 jackals
  5 kobolds
  2 quokkas
  8 frilled lizards
  6 rats
95 creatures vanquished.

Vanquished Creatures (others)
  6 plants (D:2)
6 creatures vanquished.

Grand Total: 101 creatures vanquished

Notes
Turn   | Place    | Note
-------+----------+-------------------------------------------
     0 | D:1      | Ijustatesigmund the Deep Elf Conjurer began the quest for
                  | the Orb.
     0 | D:1      | Reached XP level 1. HP: 10/10 MP: 6/6
    73 | D:1      | Reached skill level 1 in Ranged Weapons
   147 | D:1      | Reached XP level 2. HP: 15/15 MP: 8/8
   152 | D:1      | Learned a level 2 spell: Searing Ray
   975 | D:2      | Reached XP level 3. HP: 19/19 MP: 3/10
  1200 | D:2      | Reached skill level 4 in Spellcasting
  1206 | D:2      | Reached skill level 5 in Conjurations
  1469 | D:2      | Reached XP level 4. HP: 24/24 MP: 4/12
  1474 | D:2      | Learned a level 4 spell: Iskenderun's Mystic Blast
  1776 | D:2      | Reached skill level 1 in Translocations
  2344 | D:2      | Reached skill level 5 in Spellcasting
  2344 | D:2      | Reached XP level 5. HP: 28/28 MP: 10/14
  3048 | D:3      | Noticed a black bear
  3074 | D:3      | Killed a black bear
  3309 | D:3      | Reached skill level 6 in Spellcasting
  3309 | D:3      | Reached XP level 6. HP: 32/32 MP: 17/17
  3854 | D:4      | Found Bigguph's Mayhem Merchandise.
  3871 | D:4      | You fall into a shaft and drop 3 floors!
  4402 | D:6      | Reached skill level 7 in Spellcasting
  4610 | D:6      | Reached XP level 7. HP: 35/36 MP: 8/19
  5045 | D:6      | Reached skill level 5 in Translocations
  5146 | D:6      | Identified a scroll of acquirement
  5147 | D:6      | Acquired a +1 longbow of flaming
  5208 | D:6      | Noticed a steam dragon
  5213 | D:6      | Killed a steam dragon
  5220 | D:6      | Noticed Pikel
  5235 | D:6      | Mangled by Pikel

Illustrated notes

Levels and vault maps discovered:
D:1:      dpeg_arrival_boxorama, layout_loops_ring, st_stairs_5,
          grunt_decor_junction
D:2:      cheibrodos_old_hovel, layout_basic, minmay_stone_trees_large,
          kennysheep_another_room
D:3:      layout_basic
D:4:      layout_rooms, ashenzari_conservatory_becter,
          minmay_temple_entry_statues_pillars, minmay_shop_mayhem, uniq_menkaure
D:6:      layout_basic, nicolae_shop_dragon_depot, uniq_pikel
D:7:      layout_gridville, st_stairs_3

Skill      XL: |  1  2  3  4  5  6  7 |
---------------+----------------------+-----
Ranged Weapons | 1 2 3 |  3.0
Spellcasting   | 4 5 6 7 |  7.9
Conjurations   | 5 |  5.2
Translocations | 1 3 4 5 |  5.3
Fighting       | |  0.5
Dodging        | |  2.4
Stealth        | |  2.4
Evocations     | |  0.9

Action                     |  1- 3 |  4- 6 |  7- 9 || total
---------------------------+-------+-------+-------++-------
   Fire: Sling             |    70 |   122 |    11 ||   203
         Longbow           |       |       |     8 ||     8
   Cast: Magic Dart        |    13 |     5 |     1 ||    19
         Searing Ray       |     6 |    29 |     5 ||    40
         Iskenderun's Myst |       |    13 |     8 ||    21
    Use: Scroll            |     5 |     4 |     3 ||    12
         Potion            |       |     1 |     1 ||     2
 Armour: Robe              |     7 |    25 |     4 ||    36
  Dodge: Dodged            |    17 |    43 |    10 ||    70

Table legend: (Time is in decaauts)
 A = Elapsed time spent in this place.
 B = Non-inter-level travel time spent in this place.
 C = Inter-level travel time spent in this place.
 D = Time resting spent in this place.
 E = Time spent auto-exploring this place.
 F = Levels seen in this place.
 G = Mean time per level.
                   A        B        C        D        E       F      G
               +--------+--------+--------+--------+--------+-----+--------+
         Total |   5296 |   5205 |     91 |   1654 |   2888 |   6 |  882.7 |
       Dungeon |   5296 |   5205 |     91 |   1654 |   2888 |   6 |  882.7 |
               +--------+--------+--------+--------+--------+-----+--------+

Top non-repeatable levels by time:
     D:2: 1632 daAuts
     D:3: 1088 daAuts
     D:1: 985 daAuts
     D:6: 741 daAuts
     D:7: 638 daAuts
     D:4: 210 daAuts
